AoeStats
← THE1andoNLY3712

Arabian Desert

509496379Analyzed
1v1 RM · 4d ago on Sep 27, 2026· 55m 11s· 2 players
Game mode
Random Map
Map size
Tiny (2 player)
Population
200
Speed
Normal
Resources
Standard
Victory
Conquest
Starting age
Dark Age
Ending age
Imperial Age
RankedLock teamsTeams togetherTeam positionsShared explorationLock speedFull tech treeHidden civsTurbo modeCheats
Victory
Defeat
🇦🇺 Armenians · Australia
1291
+14
🇩🇰 Bulgarians · Denmark
1254
-14
Cabeceo_e
6:06 Loom
9:06 Feudal Age
9:56 Double-Bit Axe
11:32 Arson
12:49 Scale Mail Armor
16:59 Fletching
19:58 Forging
22:33 Castle Age
22:11 Forging
22:23 Gold Mining
23:49 Bodkin Arrow
28:39 Bow Saw
29:06 Bloodlines
29:03 Scale Barding Armor
32:09 Horse Collar
32:54 Husbandry
33:24 Chain Barding Armor
33:34 Heavy Plow
35:06 Wheelbarrow
38:17 Hand Cart
39:43 Iron Casting
43:09 Imperial Age
42:12 Ballistics
44:10 Capped Ram
45:33 Masonry
46:13 Plate Barding Armor
45:00 Cavalier
47:07 Conscription
48:49 Blast Furnace
48:47 Crop Rotation
49:30 Gold Shaft Mining
49:18 Stirrups
48:52 Elite Skirmisher
50:06 Town Watch
50:43 Bracer
50:44 Padded Archer Armor
THE1andoNLY3712
4:49 Loom
9:17 Feudal Age
9:49 Double-Bit Axe
9:32 Man-at-Arms
14:21 Long Swordsman
15:42 Arson
19:25 Scale Mail Armor
25:05 Castle Age
22:57 Pikeman
25:07 Fletching
27:09 Bodkin Arrow
27:51 Bow Saw
30:24 Husbandry
30:54 Padded Archer Armor
34:17 Ballistics
35:18 Wheelbarrow
35:15 Bloodlines
35:31 Horse Collar
40:46 Imperial Age
40:20 Halberdier
41:02 Squires
41:39 Bracer
46:28 Chain Mail Armor
49:31 Hand Cart
Connection lost

Rejoining the realm…

Still unreachable

The connection could not be restored.

Session expired

The server has moved on; the page needs a fresh start.